 Dungeon Crawl Stone Soup version 0.27.1 (webtiles) character file.

Game seed: 6691614687125689116

53 Malachi the Insei (level 3, -4/26 HPs)
             Began as an Octopode Monk on Aug 25, 2021.
             Slain by a goblin (5 damage)
             ... led by Robin
             ... on level 2 of the Dungeon.
             The game lasted 00:01:38 (1886 turns).

Malachi the Insei (Octopode Monk)                   Turns: 1886, Time: 00:01:38

Health: -4/26      AC:  1    Str: 10    XL:     3   Next: 89%
Magic:  3/3        EV: 14    Int: 13    God:
Gold:   68         SH:  0    Dex: 14    Spells: 2/2 levels left

rFire    . . .     SeeInvis .     - Unarmed
rCold    . . .     Faith    .   (no shield)
rNeg     . . .     Spirit   .   (helmet restricted)
rPois    .         Reflect  .   (no amulet)
rElec    .         Harm     .   e - ring of flight
rCorr    .         Rampage  .   (no ring)
Will     .....                  (no ring)
Stlth    +++.......             (no ring)
HPRegen  0.08/turn              (no ring)
MPRegen  0.08/turn              (no ring)
                                (no ring)
                                (no ring)

@: flying
A: almost no armour, amphibious, 8 rings, camouflage 1, gelatinous body 1,
(nimble swimmer 1), tentacles
a: no special abilities


You were on level 2 of the Dungeon.
You visited 1 branch of the dungeon, and saw 2 of its levels.

You collected 68 gold pieces.

Inventory:

Jewellery
 e - a ring of flight (left tentacle)
Scrolls
 b - a scroll of fog {unknown}
 f - a scroll of acquirement {unknown}
Potions
 a - 2 potions of flight {unknown}
 c - 4 potions of curing {unknown}
 d - a potion of brilliance {unknown}
 g - a potion of berserk rage {unknown}


   Skills:
 + Level 3.3 Fighting
 + Level 3.4 Dodging
 + Level 3.5 Stealth
 + Level 3.7 Unarmed Combat


You had 2 spell levels left.
You didn't know any spells.
Your spell library contained the following spells:

 Spells                   Type           Power      Damage    Failure   Level
 Corpse Rot               Necr/Air       N/A        N/A       43%         2
 Animate Dead             Necr           0%         N/A       97%         4
 Dispel Undead            Necr           0%         3d6       97%         4
 Death Channel            Necr           0%         N/A       100%        6
 Haunt                    Necr/Summ      0%         N/A       100%        7
 Infestation              Necr           0%         N/A       100%        8


Dungeon Overview and Level Annotations

Branches:
Dungeon (2/15)

Altars:

Annotations:
D:2 Robin


Innate Abilities, Weirdness & Mutations

You cannot wear most types of armour.
You are amphibious.
You can wear up to eight rings at the same time.
Your skin changes colour to match your surroundings (Stealth+).
Your rubbery body absorbs attacks. (AC +1, EV +1)
((You are camouflaged near water. (Stealth+)))
You have tentacles for arms and can constrict up to eight enemies at once.


Message History

You constrict Robin, but do no damage. Robin misses you.
You tentacle-slap Robin but do no damage.
You squeeze Robin, but do no damage.
Robin is lightly wounded.
You constrict Robin. Robin barely misses you.
You tentacle-slap Robin but do no damage.
Robin is lightly wounded.
You constrict Robin.
Robin roars a battlecry!
The worm bites you.
You tentacle-slap Robin.
Robin is heavily wounded.
You constrict Robin. Robin misses you.
You tentacle-slap Robin but do no damage.
You squeeze Robin, but do no damage.
Robin is heavily wounded.
You constrict Robin.
The hobgoblin no longer looks unusually strong.
Robin drinks a potion.
Robin is healed!
The worm barely misses you.
You tentacle-slap Robin.
Robin is heavily wounded.
You constrict Robin. Robin hits you with a +0 mace.
The worm closely misses you.
You tentacle-slap Robin but do no damage.
Robin is heavily wounded.
You constrict Robin, but do no damage. Robin throws the goblin at you!
The goblin barely misses you.
You tentacle-slap Robin but do no damage.
You squeeze Robin.
Robin is severely wounded.
You constrict Robin, but do no damage. Robin closely misses you.
The goblin hits you with a +0 dagger. The worm bites you!
* * * LOW HITPOINT WARNING * * *
You release your grip on Robin.
The goblin completely misses you.
Things that are here:
a +0 club; a +0 club; a goblin corpse Robin throws the goblin at you!
* * * LOW HITPOINT WARNING * * *
The goblin hits you with a +0 dagger.
You die...

####.#..#.##..###.#.g#...........
....###.#......##.#..#.##.####...
...## ##..g#...##.#....##.#
....###.##g#...##.#.......#
.....#..##........##.รท....#
...##.#.....gg......#######
...##########)w##.#.# ...#
#......#.g#.# .### #.###.##@##.#
.. ###.###)##)##.#
#.....#..g....# #.....##.#.##.#
#.....##.#.##.# #.....##.#.#
#.....##.#.# ########.#.# #>...


You could see Robin and a goblin (strong).

Vanquished Creatures
  An adder (D:2)
  4 endoplasms
  2 giant cockroaches (D:2)
  9 goblins
  6 hobgoblins
  3 jackals (D:2)
  2 quokkas
  2 ball pythons (D:2)
  A bat (D:1)
  2 frilled lizards (D:1)
  4 kobolds
  A rat (D:1)
37 creatures vanquished.

Notes
Turn   | Place    | Note
-------+----------+-------------------------------------------
     0 | D:1      | Malachi the Octopode Monk began the quest for the Orb.
     0 | D:1      | Reached XP level 1. HP: 16/16 MP: 1/1
   309 | D:1      | Reached XP level 2. HP: 21/21 MP: 2/2
  1118 | D:2      | Noticed Robin
  1176 | D:2      | Reached XP level 3. HP: 17/26 MP: 3/3
  1886 | D:2      | HP: 1/26 [Robin/goblin (2)]
  1886 | D:2      | Slain by a goblin

Illustrated notes

Levels and vault maps discovered:
D:1:      lightli_arrival_boilingwater, layout_basic
D:2:      layout_loops_cross, kennysheep_doodads, uniq_jessica, uniq_natasha,
          uniq_robin

Skill      XL: |  1  2 |
---------------+-------+-----
Stealth        | 3 |  3.5
Fighting       | |  3.3
Dodging        | |  3.4
Unarmed Combat | |  3.7

Action                   || total
-------------------------++-------
Melee: Unarmed           ||    82
       Constrict         ||    22
       Tentacles         ||    14
       Punch             ||     5
 Stab: Sleeping          ||     4
Armor: Skin              ||     5
Dodge: Dodged            ||    48
